Map: The Vermillion Problem

Players

ViS

  • Race: Zerg Zerg

AznHopeful

  • Race: Terran Terran
  • Spawn Location: 11:00

VOD

Have the link to the VOD?

Description

Time

  • Played on: Feb. 14, 2018, 1:57 p.m.
  • Length: 23:23
Show
View Real Time Build Order
Export as new Build Order

ViS Zerg 

Build Orders:  

Get SALT Encoding   

  18  0:03  Primal Drone  
  19  0:11  Primal Drone  
  19  0:18  Primal Drone  
  21  0:27  Extractor  
  21  0:50  Primal Warden  
  21  0:56  Primal Drone  
  23  1:00  Primal Drone  
  23  1:09  Primal Drone  
  25  1:15  Primal Drone  
  26  1:28  Primal Drone  
  27  1:38  Primal Drone  
  27  1:39  Extractor  
  28  1:55  Primal Drone  
  29  2:05  Glevig's Den  
  28  2:12  Primal Drone  
  26  2:30  Primal Drone  
  27  2:58  Primal Drone x2  
  29  3:14  Primal Drone, Primal Warden  
  30  3:29  Primal Hive  
  35  3:38  Primal Drone  
  35  3:39  Primal Warden  
  36  3:57  Murvar's Den  
  35  4:12  Primal Drone x2  
  35  4:13  Primal Warden  
  37  4:26  Primal Hydralisk x2  
  41  4:49  Primal Drone  
  42  4:50  Primal Drone x2  
  44  5:06  Primal Drone  
  46  5:54  Primal Warden  
  46  5:55  Primal Drone x3  
  49  6:07  Primal Hive  
  49  6:09  Primal Warden  
  51  6:30  Primal Reconstitution  
  51  6:32  Primal Drone, Primal Wurm  
  51  6:34  Primal Wurm  
  51  6:37  Dakrun's Den  
  51  6:41  Primal Hydralisk  
  51  6:49  Primal Drone x2  
  55  7:13  Extractor  
  55  7:14  Primal Drone x4  
  59  7:27  Primal Drone x3  
  62  7:37  Extractor  
  62  7:55  Primal Drone x4  
  64  8:16  Primal Drone x2  
  64  8:19  Primal Attacks Level 1  
  66  8:20  Slicing Glave  
  66  9:26  Primal Drone x3  
  69  9:32  Primal Drone  
  69  9:33  Primal Drone x5  
  69  9:34  Primal Drone  
  79  9:40  Primal Warden  
  79  9:41  Primal Wurm  
  79  9:43  Primal Wurm  
  79  9:44  Primal Warden  
  79  9:49  Primal Wurm  
  79  9:56  Primal Mutalisk  
  79  9:59  Primal Carapace Level 1  
  78  10:00  Primal Drone x3  
  78  10:01  Shifting Carapace  
  81  10:27  Primal Hydralisk x4  
  81  10:28  Primal Hydralisk  
  81  10:29  Primal Hydralisk  
  93  10:31  Primal Drone x2  
  95  10:58  Primal Mutalisk x2  
  95  10:59  Primal Mutalisk  
  92  11:02  Primal Drone x4  
  92  11:03  Primal Attacks Level 2  
  96  11:35  Primal Hydralisk x2  
  96  11:36  Primal Hydralisk x2  
  96  11:37  Primal Hydralisk x3  
  96  11:38  Primal Hydralisk  
  96  11:39  Primal Drone x4  
  116  11:40  Primal Drone x2  
  118  12:16  Primal Hydralisk x4  
  126  12:47  Primal Hydralisk  
  126  12:48  Primal Hydralisk x4  
  135  13:02  Primal Carapace Level 2  
  135  13:05  Aerial Burst Sacs  
  137  13:21  Primal Wurm  
  137  13:25  Primal Wurm  
  137  13:28  Primal Hydralisk  
  137  13:29  Primal Wurm  
  141  13:31  Primal Mutalisk x2  
  141  13:32  Primal Mutalisk x4  
  141  13:33  Primal Wurm  
  133  14:12  Primal Mutalisk x2  
  133  14:13  Primal Mutalisk  
  133  14:18  Primal Drone x5  
  133  14:19  Primal Attacks Level 3  
  124  15:45  Primal Hydralisk x2  
  124  15:46  Primal Hydralisk x2  
  120  16:00  Primal Hydralisk  
  120  16:01  Primal Hydralisk x3  
  119  16:25  Primal Hydralisk x3  
  119  16:26  Primal Drone, Primal Hydralisk x2  
  119  16:27  Primal Drone x2  
  133  16:34  Primal Warden  
  133  17:07  Primal Hydralisk x3  
  133  17:08  Primal Hydralisk  
  133  17:09  Primal Mutalisk x4  
  134  17:10  Primal Mutalisk  
  134  17:15  Primal Drone x6  
  134  17:16  Primal Drone x3  
  134  17:17  Primal Drone  
  134  17:19  Primal Wurm x2  
  150  17:20  Primal Wurm  
  150  17:23  Primal Wurm x2  
  150  17:26  Primal Wurm  
  149  17:53  Primal Hydralisk  
  149  17:54  Primal Hydralisk x3  
  149  17:55  Primal Mutalisk  
  149  17:56  Primal Mutalisk  
  155  18:59  Primal Hydralisk x4  
  163  19:26  Primal Hydralisk x4  
  171  20:10  Primal Mutalisk  
  171  20:11  Primal Mutalisk x4  
  171  20:13  Primal Mutalisk  
Show
View Real Time Build Order
Export as new Build Order

AznHopeful Terran 

Build Orders:  

Get SALT Encoding   

  11  0:42  Barracks  
  11  1:19  Command Center  
  11  1:33  Orbital Command  
  11  2:36  Command Center  
  11  3:40  Orbital Command  
  11  4:05  Orbital Command  
  11  4:18  Orbital Command  
  11  20:28  Orbital Command  
  11  20:33  Orbital Command  
  11  20:40  Orbital Command  
Tags
 
Add a new tag
Caveats
  • Supply blocks, unpowered buildings, or Contaminate may cause inaccurate times.
  • Supply counts are checked every 10 seconds.